AoeStats
← simbasdead

Fortress

508785627Analyzed
4v4 RM · 9d ago on Sep 24, 2026· 63m 1s· 8 players
Game mode
Random Map
Map size
Huge
Population
200
Speed
Normal
Resources
Standard
Victory
Conquest
Starting age
Dark Age
Ending age
Imperial Age
RankedLock teamsTeams togetherTeam positionsShared explorationLock speedFull tech treeHidden civsTurbo modeCheats
Victory
Defeat
🇺🇸 Italians · United States
1083
+15
🇺🇸 Varangians · United States
1064
+16
🇺🇸 Saxons · United States
1030
+17
🇺🇸 Danes · United States
1007
+18
🇺🇸 Franks · United States
1214
-22
🇺🇸 Burgundians · United States
1162
-21
🇺🇸 Turks · United States
949
-12
🇺🇸 Bohemians · United States
924
-11
Koality
1:25 Loom
3:45 Loom
7:21 Feudal Age
13:42 Castle Age
12:03 Double-Bit Axe
17:07 Bow Saw
17:56 Forging
18:01 Scale Mail Armor
19:52 Chain Mail Armor
21:15 Wheelbarrow
20:36 Horse Collar
24:11 Gold Mining
24:20 Stone Mining
25:49 Iron Casting
26:22 Ballistics
27:08 Padded Archer Armor
26:58 Fletching
27:26 Hand Cart
28:43 Elite Skirmisher
29:39 Thumb Ring
30:09 Leather Archer Armor
29:50 Bodkin Arrow
35:53 Imperial Age
39:34 Crossbowman
39:54 Heavy Scorpion
40:12 Arbalester
41:25 Ring Archer Armor
40:55 Bracer
44:30 Gold Shaft Mining
45:35 Two-Man Saw
44:42 Caravan
53:07 Heavy Plow
55:38 Chemistry
SlickSloth
1:10 Loom
9:14 Feudal Age
13:19 Castle Age
11:12 Double-Bit Axe
12:32 Horse Collar
17:14 Bow Saw
21:07 Heavy Plow
21:50 Wheelbarrow
23:16 Stone Mining
23:19 Gold Mining
24:08 Caravan
24:51 Hand Cart
24:37 Gambesons
24:53 Squires
24:38 Arson
31:07 Imperial Age
28:31 Hamask
31:21 Forging
31:11 Scale Mail Armor
33:24 Iron Casting
33:04 Chain Mail Armor
32:13 Elite Varangian Guard
33:17 Conscription
32:47 Elite Jomsviking
36:28 Blast Furnace
PapiChullo
0:44 Loom
8:41 Feudal Age
12:56 Castle Age
15:56 Wheelbarrow
15:08 Double-Bit Axe
15:40 Stone Mining
15:42 Gold Mining
17:38 Stone Shaft Mining
22:03 Hand Cart
22:00 Horse Collar
22:32 Bow Saw
26:46 Imperial Age
26:46 Ballistics
26:24 Murder Holes
26:40 Fortified Wall
27:54 Forging
27:45 Scale Mail Armor
29:29 Arson
29:44 Squires
29:30 Gambesons
29:10 Elite Varangian Guard
30:27 Iron Casting
30:07 Chain Mail Armor
31:35 Conscription
33:11 Plate Mail Armor
34:44 Blast Furnace
33:54 Gothikon
44:18 Caravan
47:14 Chemistry
Tall Blonde Beautiful
1:16 Loom
8:11 Feudal Age
14:37 Castle Age
16:12 Double-Bit Axe
18:00 Fletching
22:14 Wheelbarrow
22:41 Bow Saw
23:48 Hand Cart
24:00 Bodkin Arrow
24:39 Ballistics
25:10 Padded Archer Armor
26:33 Husbandry
26:43 Bloodlines
26:30 Light Cavalry
27:25 Scale Barding Armor
27:32 Forging
29:40 Chain Barding Armor
29:55 Iron Casting
29:17 Horse Collar
30:30 Masonry
31:11 Heavy Plow
35:38 Imperial Age
35:20 Gold Mining
35:42 Hussar
37:03 Plate Barding Armor
36:30 Bracer
40:16 Blast Furnace
42:11 Chemistry
42:37 Conscription
41:38 Elite Genoese Crossbowman
46:38 Two-Man Saw
47:25 Crop Rotation
47:21 Silk Road
50:25 Guilds
52:55 Fortified Wall
53:16 Architecture
57:23 Caravan
59:45 Stone Mining
simbasdead
7:31 Feudal Age
13:18 Castle Age
11:11 Horse Collar
29:59 Imperial Age
27:56 Gold Mining
27:58 Stone Mining
28:36 Padded Archer Armor
29:40 Gold Shaft Mining
30:03 Wheelbarrow
29:16 Loom
30:59 Ballistics
30:21 Treadmill Crane
31:58 Conscription
32:05 Double-Bit Axe
33:27 Bow Saw
34:06 Leather Archer Armor
34:39 Elite Janissary
35:41 Heavy Plow
39:08 Ring Archer Armor
39:28 Artillery
41:16 Hand Cart
40:48 Town Watch
42:09 Fletching
44:50 Murder Holes
44:41 Arrowslits
45:09 Fortified Wall
45:09 Masonry
51:47 Architecture
52:32 Caravan
54:02 Bodkin Arrow
54:13 Scale Barding Armor
54:19 Forging
56:37 Chain Barding Armor
56:54 Iron Casting
56:34 Bloodlines
56:24 Husbandry
61:44 Plate Barding Armor
62:09 Blast Furnace
Aesriv
8:09 Feudal Age
6:25 Loom
6:46 Double-Bit Axe
6:44 Horse Collar
6:56 Horse Collar
11:44 Castle Age
11:22 Wheelbarrow
18:21 Imperial Age
15:40 Loom
18:20 Wheelbarrow
17:33 Loom
18:54 Bow Saw
18:43 Gold Mining
20:02 Chemistry
19:23 Padded Archer Armor
37:15 Fletching
37:44 Leather Archer Armor
49:59 Light Cavalry
53:06 Forging
53:01 Scale Barding Armor
drewpoo97
9:00 Feudal Age
9:42 Double-Bit Axe
10:27 Horse Collar
12:17 Wheelbarrow
17:14 Castle Age
20:45 Imperial Age
20:52 Imperial Age
18:41 Hand Cart
21:42 Imperial Age
20:05 Heavy Plow
20:20 Bow Saw
23:29 Conscription
26:04 Chemistry
26:46 Wagenburg Tactics
27:18 Elite Hussite Wagon
31:56 Ballistics
37:42 Houfnice
aggromouse
7:44 Feudal Age
6:03 Loom
11:33 Castle Age
11:17 Double-Bit Axe
12:29 Bow Saw
13:15 Fletching
14:03 Wheelbarrow
16:43 Gold Mining
18:13 Town Watch
19:09 Hand Cart
25:18 Imperial Age
22:57 Scale Mail Armor
23:07 Forging
23:19 Gambesons
23:22 Arson
23:40 Squires
24:39 Gold Shaft Mining
23:54 Stone Mining
24:24 Chain Mail Armor
24:20 Bodkin Arrow
24:55 Town Patrol
25:07 Padded Archer Armor
25:44 Iron Casting
25:25 Ordonnance Companies
26:47 Plate Mail Armor
26:37 Husbandry
27:42 Conscription
27:46 Leather Archer Armor
28:12 Cranequins
29:36 Hoardings
28:43 Elite Throwing Axeman
31:15 Blast Furnace
32:32 Ballistics
33:12 Chemistry
33:45 Heavy Mounted Crossbowman
35:40 Treadmill Crane
36:10 Masonry
36:06 Siege Engineers
35:43 Cavalier
36:24 Chivalry
38:25 Caravan
38:55 Coinage
39:38 Paladin
40:26 Scale Barding Armor
53:21 Murder Holes
53:56 Architecture
57:02 Chain Barding Armor
56:05 Elite Skirmisher
58:50 Plate Barding Armor
59:06 Light Cavalry
Connection lost

Rejoining the realm…

Still unreachable

The connection could not be restored.

Session expired

The server has moved on; the page needs a fresh start.